[Event "Early-Titled-Tuesday-Blitz-October-03-2023"]
[Site "Chess.com"]
[Date "2023.10.03"]
[Round "2"]
[White "JoliyRoger"]
[Black "javierfreilemartin"]
[Result "0-1"]
[WhiteElo "2494"]
[BlackElo "2320"]
[TimeControl "180+1"]
[EndTime "8:18:57 PDT"]
[Termination "javierfreilemartin won on time"]

1. Nf3 Nf6 2. c4 g6 3. Nc3 Bg7 4. e4 e5 5. d4 exd4 6. Nxd4 O-O 7. Be2 Re8 8. f3 c6 9. Bg5 Qb6 10. Nb3 Na6 11. Qd2 Nb4 12. c5 Qc7 13. Bf4 Qd8 14. Nb5 cxb5 15. Qxb4 a6 16. Bd6 b6 17. O-O Bb7 18. Rad1 Bc6 19. cxb6 Qxb6+ 20. Bc5 Qb8 21. Na5 Qf4 22. Qd2 Nh5 23. Rfe1 Qh4 24. Bf2 Qe7 25.
b4 Be5 26. g3 Rac8 27. f4 Bg7 28. Bxh5 gxh5 29. Nxc6 dxc6 30. Bc5 Qe6 31. e5 f6 32. Qd6 fxe5 33. fxe5 Bxe5 34. Qd2 Qf6 35. Rf1 Qg7 36. Qc2 Rc7 37. Rf5 Rf7 38. Rxh5 Qg6 39. Qxg6+ hxg6 40. Rh4 Bc3 41. Rg4 Kh7 42. h4 Re2 43. a3 Rc2 44. Rf1 Rxf1+ 45. Kxf1 Bb2 46. Re4 Bxa3 47. Bd4 Kg8 48. Re7 Bxb4 49. Rd7 Rd2 50. Rd8+ Kf7 51. Rd7+ Ke6 52. Rd8 Kf5 53. Kg1 Rxd4 54.
Rxd4 Bc5 55. g4+ Ke5 56. Kg2 Bxd4 57. Kf3 a5 58. h5 gxh5 59. gxh5 Kf5 0-1

[Event "Early-Titled-Tuesday-Blitz-October-03-2023"]
[Site "Chess.com"]
[Date "2023.10.03"]
[Round "2"]
[White "Chessdreamer2020"]
[Black "ODreamchess"]
[Result "1-0"]
[WhiteElo "2550"]
[BlackElo "2754"]
[TimeControl "180+1"]
[EndTime "8:18:59 PDT"]
[Termination "Chessdreamer2020 won on time"]

1. e4 c6 2. d4 d5 3. exd5 cxd5 4. Bd3 Nf6 5. c3 Nc6 6. h3 g6 7. Nf3 Bf5 8. Be2 Bg7 9. O-O Ne4 10. Re1 O-O 11.
Bf4 a6 12. Nbd2 b5 13. Bf1 Nxd2 14. Qxd2 Be4 15. Ng5 Bf5 16. Nf3 Qb6 17. b4 Rfc8 18. a4 Be4 19. Ng5 Bf5 20. Ra3 Bd7 21. Rea1 Na7 22.
a5 Qb7 23. Re1 e6 24. Nf3 Nc6 25. h4 h5 26. Ng5 Re8 27. Raa1 Rac8 28. Re3 Ne7 29.
g3 Nf5 30. Re2 Qc6 31. Rc1 Nd6 32. Bxd6 Qxd6 33. Rce1 Rc6 34. f4 Rec8 35. Re3 Qc7 36. Rc1 Bf8 37. Nf3 Bxb4 38. Ne5 Bxa5 39. Nxc6 Qxc6 40.
Bg2 b4 41. c4 Bb6 42. Ree1 a5 43. cxd5 Qd6 44. Rxc8+ Bxc8 45. dxe6 Bxe6 46. Rd1 b3 47. Kh2 a4 48. d5 Bg4 49. Rb1 Bf5 50. Rb2 Bc5 51.
Qc3 Ba3 52. Re2 Qd7 53. Qd4 Bf8 54. Qc3 Bg7 55. Qb4 b2 56. Rxb2 Bxb2 57. Qxb2 Qa7 58. Qa2 a3 59. d6 Be6 60. Bd5 Bxd5 61. Qxd5 Qf2+ 62. Kh3 Qf1+ 63. Kh2 Qe2+ 64. Kh3 Qg4+ 65. Kh2 Qd7 66. Qd2 1-0

[Event "Early-Titled-Tuesday-Blitz-October-03-2023"]
[Site "Chess.com"]
[Date "2023.10.03"]
[Round "2"]
[White "cycygogne"]
[Black "Cambek64"]
[Result "0-1"]
[WhiteElo "2224"]
[BlackElo "2475"]
[TimeControl "180+1"]
[EndTime "8:19:00 PDT"]
[Termination "Cambek64 won on time"]

1. e4 c6 2. d4 d5 3. Nc3 dxe4 4.
Nxe4 Nf6 5. Ng3 h5 6. h4 Bg4 7. Be2 g6 8. Bxg4 Nxg4 9. Nf3 Bg7 10. O-O O-O 11. Bg5 Nd7 12. c3 Ndf6 13. Re1 Re8 14.
Ne5 Nxe5 15. Rxe5 Qb6 16. Qe2 e6 17. Re1 a5 18. Qd2 a4 19. a3 Qb3 20. R5e2 Ra5 21. Bh6 Bh8 22. Ne4 Nxe4 23. Rxe4 Rd5 24. Qf4 Rf5 25. Qc7 Qxb2 26. R4e2 Qb3 27. Qd7 Ra8 28.
f3 Rd5 29. Qe7 c5 30. Rxe6 Rf5 31. Rd6 cxd4 32. cxd4 Qc3 33. Rd8+ Rxd8 34. Qxd8+ Kh7 35. Re8 Qxd4+ 36. Kh2 Qxd8 37. Rxd8 Be5+ 38. f4 Kxh6 39. fxe5 Rxe5 40. Rd7 Kg7 41. Rxb7 Re3 42. Ra7 Rxa3 43.
Kg1 Ra1+ 44. Kf2 a3 45. Kg3 a2 46. Ra6 f6 47. Ra7+ Kf8 48. Ra8+ Ke7 49. Ra7+ Kd8 50. Ra6 g5 51. hxg5 fxg5 52. Ra7 Kc8 53. Ra5 Kb7 54. Ra4 Kb6 55. Ra8 Kb5 56. Ra7 Kc4 57. Rc7+ Kd3 58. Rd7+ Ke2 59. Re7+ Kf1 60. Rf7+ Kg1 61.
Ra7 h4+ 62. Kh3 Kf2 63. Kg4 Kxg2 64. Kxg5 h3 65. Kg4 h2 66. Kg5 h1=Q 0-1

[Event "Early-Titled-Tuesday-Blitz-October-03-2023"]
[Site "Chess.com"]
[Date "2023.10.03"]
[Round "2"]
[White "Xqswdc"]
[Black "CristianS27"]
[Result "1/2-1/2"]
[WhiteElo "2308"]
[BlackElo "2502"]
[TimeControl "180+1"]
[EndTime "8:19:02 PDT"]
[Termination "Game drawn - insufficient material"]

1. e4 e5 2. Nf3 Nc6 3. Bb5 a6 4. Ba4 Nf6 5. O-O Nxe4 6. d4 b5 7. Bb3 d5 8. dxe5 Be6 9. c3 Bc5 10. Qd3 O-O 11. Nbd2 f5 12. exf6 Nxf6 13. Re1 Bg4 14.
Ne5 Nxe5 15. Rxe5 c6 16. Nf1 Bxf2+ 17. Kxf2 Nd7+ 18. Kg1 Nxe5 19. Qg3 Qf6 20. Be3 Rae8 21. Bd4 Bh5 22. Re1 Kh8 23. Bxe5 Rxe5 24. Ne3 Qf4 25. Qxf4 Rxf4 26. g3 Rfe4 27. Kf2 Kg8 28. Bc2 Rxe3 29. Rxe3 Rxe3 30. Kxe3 c5 31. Kf4 Bf7 32. Ke5 Kf8 33.
Bd1 Ke7 34. Bf3 d4 35. cxd4 cxd4 36. a3 d3 37. Kd4 Bg6 38. h4 h6 39. Kc3 Kd6 40.
Bb7 a5 41. Ba6 Kc5 42. b4+ axb4+ 43. axb4+ Kb6 44. Bc8 Kc7 45. Bg4 Kd6 46. Bc8 Kc6 47. Bg4 Be4 48. Bh5 g6 49. Bg4 g5 50. hxg5 hxg5 51.
Kd2 Kd5 52. Ke3 Ke5 53. Bd7 Bd5 54. Bxb5 d2 55. Kxd2 Kd4 56. Bd3 Be6 57. Kc2 Bd5 58.
Be2 Ke3 59. Ba6 Kf2 60. g4 Kg3 61. Bc8 Kf4 62. b5 Ke5 63. Kc3 Kd6 64. Kb4 Kc7 65.
Bf5 Kb6 66. Bc8 Kc7 67. Bf5 Kb6 68. Ka4 Bc4 69. Bd7 Kc7 70. Kb4 Be2 71. Be6 Kb6 72.
Bf5 Bxb5 73. Kc3 Be2 74. Kd4 Kc6 75. Ke5 Kc5 76. Kf6 Kd4 77. Kxg5 Ke5 78. Kg6 Bxg4 1/2-1/2

[Event "Early-Titled-Tuesday-Blitz-October-03-2023"]
[Site "Chess.com"]
[Date "2023.10.03"]
[Round "2"]
[White "superfast64"]
[Black "CixPer1968"]
[Result "1-0"]
[WhiteElo "2466"]
[BlackElo "2197"]
[TimeControl "180+1"]
[EndTime "8:19:02 PDT"]
[Termination "superfast64 won on time"]

1. d4 Nf6 2. Bf4 d5 3. e3 c5 4. c3 Nc6 5. Bd3 Qb6 6. Qc1 cxd4 7. exd4 Bg4 8. Nd2 Rc8 9. Ngf3 e6 10. O-O Be7 11.
Rb1 O-O 12. Qe1 Rfd8 13. h3 Bh5 14. Ne5 Nxe5 15. Bxe5 Bg6 16. Bxg6 hxg6 17. Bxf6 Bxf6 18. Nf3 Qa5 19. a3 b5 20. Qe3 Qb6 21. h4 a5 22.
Rbd1 b4 23. axb4 axb4 24. Rd3 bxc3 25. bxc3 Rc4 26. Nd2 Rc6 27. g3 Rdc8 28. Rb1 Qa5 29. Rb3 Qa2 30. Kg2 Qc2 31. Kf1 Qd1+ 32. Qe1 Qc2 33. Qb1 Qxb1+ 34. Nxb1 Bd8 35. f4 Ba5 36. Ra3 Bb6 37. Ke2 Kf8 38. Nd2 Ke7 39.
Nf3 Bc7 40. Ra7 Kf8 41. Kd2 Bd6 42. Ne5 Bxe5 43. fxe5 R8c7 44. Ra8+ Ke7 45. Rf3 Rb7 46. Kc2 Rcb6 47. Ra2 Rb1 48. Kd3 Rd1+ 49. Rd2 Rg1 50. Rdf2 Ke8 51. Ke2 Rc1 52. Kd3 Rb3 53. Rc2 Rcb1 54. Ke3 Re1+ 55. Kf4 Re4+ 56. Kg5 Rb1 57. Rcf2 Rb7 58. g4 Re1 59. h5 gxh5 60. Kxh5 Rh1+ 61.
Kg5 Rh6 62. Kf4 Rh4 63. Kg3 Rh1 64. Rg2 Rc1 65. Re2 Rb3 66. Ree3 Rc2 67. Kf4 Rbb2 68. Rh3 Kf8 69. g5 Rb3 70. Ref3 Re2 71. Kg4 Re4+ 72. Rf4 Re2 73. g6 Re4 74. gxf7 Rxf4+ 75. Kxf4 Kxf7 76.
Rf3 Kg6 77. Rg3+ Kf7 78. Kg5 Rb1 79. Rf3+ Kg8 80. Rg3 Rf1 81. Kg4 Rf5 82. Kh3 g5 83. Kg4 Kg7 84. Kh5 Rf1 85. Rxg5+ Kf7 86. Rg3 1-0

[Event "Early-Titled-Tuesday-Blitz-October-03-2023"]
[Site "Chess.com"]
[Date "2023.10.03"]
[Round "2"]
[White "agustinv04"]
[Black "Ducke13"]
[Result "0-1"]
[WhiteElo "2303"]
[BlackElo "2512"]
[TimeControl "180+1"]
[EndTime "8:19:07 PDT"]
[Termination "Ducke13 won on time"]

1. e4 c5 2. Nf3 d6 3. d4 cxd4 4. Nxd4 Nf6 5. Nc3 a6 6. h3 e5 7. Nb3 Be6 8. f4 Be7 9. Be3 exf4 10. Bxf4 Nc6 11. Qe2 Ne5 12. O-O-O Nfd7 13. Nd5 O-O 14. Nxe7+ Qxe7 15. Kb1 Rfc8 16. Nd4 a5 17. Nf5 Bxf5 18. exf5 Rc6 19. g4 Rac8 20. c3 a4 21. Bg2 Rb6 22.
Be3 Nc5 23. Rhe1 a3 24. b4 Na4 25. Rc1 Rxc3 26. Bxb6 Rxc1+ 27. Rxc1 Nxb6 28. Qe3 Nbd7 29. Rc8+ Nf8 30. g5 Qd7 31. Rb8 Qxf5+ 32. Be4 Qf1+ 33.
Kc2 Qc4+ 34. Kd1 Qxb4 35. Rxb7 Qa4+ 36. Qb3 Qxe4 37. Rb8 Qd3+ 38. Qxd3 Nxd3 39. Kc2 Nf2 40. h4 h6 41. gxh6 gxh6 42. Kb3 Kg7 43. Kxa3 Ng6 44.
h5 Nf4 45. Rb5 N2d3 46. Kb3 Nc5+ 47. Kc4 Nxh5 48. Rb6 Ne4 49. Kd5 f5 50. a4 Nhf6+ 51.
Kd4 Nc5 52. a5 Nfe4 53. a6 Nxa6 54. Rxa6 h5 55. Ke3 Kf6 56. Kf4 Ke6 57. Ra8 Nf6 58. Rh8 d5 59. Rd8 Nd7 60. Re8+ Kd6 61. Rh8 d4 62. Rxh5 Ke6 63. Rh6+ Nf6 64. Rh8 Nd5+ 65. Kf3 Ne7 66. Rh6+ Ke5 67. Ke2 Nd5 68. Rh8 Nf4+ 69.
Kd2 Ne6 70. Re8 Kd5 71. Kd3 f4 72. Re7 Nc5+ 73. Kd2 Ne4+ 74. Kd3 Nd6 75. Rd7 f3 76. Re7 Nf5 0-1

[Event "Early-Titled-Tuesday-Blitz-October-03-2023"]
[Site "Chess.com"]
[Date "2023.10.03"]
[Round "2"]
[White "ljm509"]
[Black "jup1978"]
[Result "1-0"]
[WhiteElo "2317"]
[BlackElo "2495"]
[TimeControl "180+1"]
[EndTime "8:19:10 PDT"]
[Termination "ljm509 won by checkmate"]

1. e4 e5 2. Nf3 Nf6 3. Bc4 Nxe4 4. Nc3 Nd6 5. Nxe5 Nxc4 6. Nxc4 d5 7. Ne5 Bd6 8. Nf3 c6 9. O-O O-O 10. h3 Bf5 11. d3 h6 12. Re1 Nd7 13. Nd4 Bg6 14.
Nce2 Qf6 15. Be3 Rfe8 16. Qd2 Re7 17. Nf3 Ne5 18. Nxe5 Bxe5 19. c3 Rae8 20. Bxa7 Bd6 21. Bd4 Qh4 22. a4 Qh5 23. Ng3 Qg5 24. Be3 Qf6 25.
Bd4 Qg5 26. Be3 Qh4 27. Nf1 f5 28. Bd4 f4 29. Rxe7 Rxe7 30. f3 Bf5 31. Bf2 Qg5 32. Kh2 Re6 33. h4 Qe7 34. Re1 Rxe1 35. Bxe1 g5 36.
hxg5 hxg5 37. Bf2 Kg7 38. d4 Kg6 39. Qe1 Qh7+ 40. Kg1 Bd7 41. Nh2 Qe7 42. Qxe7 Bxe7 43. Ng4 Kf5 44. Ne5 Bc8 45. g4+ Ke6 46. Kf1 Bd6 47. Nd3 b6 48. Ke2 Ba6 49. Kd2 Bc7 50.
Nb4 Bb7 51. Nd3 Bd6 52. b4 Ba6 53. a5 bxa5 54. bxa5 Ke7 55. Nc5 Bb5 56. Nb3 Kd7 57. Be1 Kc8 58. Bf2 Kb7 59. Nc5+ Bxc5 60. dxc5 Ka6 61. Bd4 Kxa5 62. Bf6 Ka4 63. Bxg5 Kb3 64. Bxf4 Kc4 65. Bd6 d4 66. cxd4 Kd5 67. Ke3 Ke6 68. f4 Bc4 69. f5+ Kf6 70. Kf4 Bd3 71. Be5+ Kf7 72. g5 Bc2 73. g6+ Ke7 74. Kg5 Kf8 75. Kh6 Kg8 76. f6 Kf8 77. Bd6+ Ke8 78. f7+ Kd7 79. f8=Q Ke6 80. Qe7+ Kd5 81. g7 Bh7 82.
Kxh7 Kc4 83. g8=Q+ Kb5 84. Qb7+ Ka5 85. Qa2# 1-0

[Event "Early-Titled-Tuesday-Blitz-October-03-2023"]
[Site "Chess.com"]
[Date "2023.10.03"]
[Round "2"]
[White "isaak2009"]
[Black "Gurvich_Vitaly"]
[Result "1-0"]
[WhiteElo "2549"]
[BlackElo "2724"]
[TimeControl "180+1"]
[EndTime "8:19:11 PDT"]
[Termination "isaak2009 won by checkmate"]

1. d4 Nf6 2. c4 e6 3. Nc3 Bb4 4. e3 O-O 5. Bd3 d5 6. cxd5 exd5 7. a3 Bd6 8. Qc2 c6 9. Nge2 Nbd7 10. Bd2 Re8 11.
f3 b6 12. e4 dxe4 13. Nxe4 Nxe4 14. Bxe4 Nf6 15. Bg5 h6 16. Bxf6 Qxf6 17. O-O-O Ba6 18. Kb1 Rac8 19. Nc3 b5 20. Na2 c5 21. dxc5 Rxc5 22. Qd2 Bf4 23. Qd7 Rce5 24. Nb4 Bc8 25. Qxa7 Be6 26.
g3 Bg5 27. h4 Bb3 28. hxg5 Rxg5 29. Rc1 Rxg3 30. Qd7 Rf8 31. Qxb5 Rg2 32. Nd3 Be6 33.
Qe5 Qd8 34. Qc3 Qb6 35. Nf4 Rg5 36. Nxe6 Qxe6 37. Rhg1 Rd8 38. Rxg5 hxg5 39. Qc4 Qf6 40. Qc3 Qe6 41. Qc2 Rb8 42. Bh7+ Kh8 43. Bf5 Qe5 44. Rh1+ Kg8 45. Bh7+ Kf8 46. Be4 g6 47. Rh8+ Qxh8 48. Qc5+ Kg8 49. b4 Qh1+ 50. Kb2 Qh2+ 51. Kb3 Qf4 52.
Bd5 g4 53. Qc6 Rf8 54. Qxg6+ Kh8 55. Qh5+ Kg7 56. Qxg4+ Qxg4 57. fxg4 Kf6 58. Be4 Ke5 59. Bf5 Kd5 60. a4 Re8 61. a5 Kc6 62. Kc4 Re1 63. b5+ Kd6 64. b6 Rc1+ 65. Kb5 Ra1 66. a6 Ra2 67. a7 Rb2+ 68. Ka6 Kc6 69. Be4+ Kc5 70. a8=Q Rxb6+ 71. Ka7 Rb4 72. Qd5# 1-0

[Event "Early-Titled-Tuesday-Blitz-October-03-2023"]
[Site "Chess.com"]
[Date "2023.10.03"]
[Round "2"]
[White "AvitalBor"]
[Black "goldihouse"]
[Result "1/2-1/2"]
[WhiteElo "2864"]
[BlackElo "2607"]
[TimeControl "180+1"]
[EndTime "8:19:12 PDT"]
[Termination "Game drawn by repetition"]

1. e4 e6 2. Qe2 d5 3. exd5 Qxd5 4. Nc3 Qd8 5. Nf3 c5 6. g3 Nc6 7. Bg2 Nge7 8. O-O Nf5 9. Ne4 Be7 10. c3 O-O 11. Rd1 b6 12. g4 Nd6 13. d4 Nxe4 14.
Qxe4 Bb7 15. Bf4 Qc8 16. dxc5 Bxc5 17. Ng5 g6 18. Qf3 e5 19. Qh3 h5 20. Bg3 Qxg4 21. Qxg4 hxg4 22. Rd7 Rab8 23. Rxb7 Rxb7 24. Bxc6 Re7 25.
Rd1 a5 26. Ne4 f6 27. a3 Rc7 28. Bd5+ Kg7 29. Be6 Be7 30. Bxg4 Rd8 31. Rxd8 Bxd8 32. Nd6 Rc6 33. Nb5 Rc5 34. Be2 Rd5 35. Kf1 Rd2 36. b4 g5 37. f3 Rb2 38. h4 Rb1+ 39. Kf2 Kg6 40. hxg5 Kxg5 41. Ke3 Rb2 42. Kd3 Kf5 43. Bf2 Ke6 44. Be3 f5 45. Bc1 Ra2 46. Ke3 Bg5+ 47.
f4 Bxf4+ 48. Kf3 Bxc1 49. Bc4+ Kf6 50. Bxa2 e4+ 51. Kf2 Ke5 52. bxa5 bxa5 53. a4 f4 54. Nd4 Be3+ 55. Ke2 Bxd4 56. cxd4+ Kxd4 57. Be6 Ke5 58. Bc8 Kd4 59. Bf5 Ke5 60. Bh7 Kd4 61. Kf2 Kd3 62. Bg6 Kd4 63. Ke2 Ke5 64. Kd2 Kd4 65. Bh7 Kd5 66. Kc3 Ke5 67. Kd2 Kd4 68. Ke2 Ke5 69. Bg6 Kd4 70. Be8 Ke5 71. Bc6 Kd4 72. Bb7 Ke5 73. Kd2 Kd4 74. Bc6 Ke5 75. Be8 Kd4 76. Ke2 Ke5 77. Bg6 Kd4 78. Kf2 Kd3 79. Bf5 Kd4 80.
Ke2 Ke5 81. Bh7 Kd4 82. Bg6 Ke5 83. Bh7 1/2-1/2

[Event "Early-Titled-Tuesday-Blitz-October-03-2023"]
[Site "Chess.com"]
[Date "2023.10.03"]
[Round "2"]
[White "Barmen_EV"]
[Black "inegrepus"]
[Result "1/2-1/2"]
[WhiteElo "2445"]
[BlackElo "2180"]
[TimeControl "180+1"]
[EndTime "8:19:14 PDT"]
[Termination "Game drawn by stalemate"]

1. e4 c5 2. c3 e6 3. d4 cxd4 4. cxd4 d5 5. Nc3 Nf6 6. Bd3 Nc6 7. Nf3 Be7 8. O-O dxe4 9. Nxe4 Nxe4 10. Bxe4 O-O 11.
a3 Bf6 12. Be3 Ne7 13. Rc1 Nd5 14. Bb1 Bd7 15. Qd3 g6 16. Bh6 Bg7 17. Bxg7 Kxg7 18. Ne5 a6 19. Rfe1 Bb5 20. Qh3 Nf4 21. Qe3 Nd5 22. Qg3 Rc8 23. h4 Qf6 24. Be4 h5 25. Bxd5 exd5 26. Rc3 Rxc3 27. bxc3 Rc8 28. Re3 Qd6 29. Rf3 Be8 30. Qh3 Rc7 31. g4 hxg4 32.
Qxg4 Qxa3 33. h5 Rxc3 34. h6+ Kh7 35. Nxf7 Rxf3 36. Ng5+ Kh8 37. Nxf3 Qc1+ 38. Kg2 Qxh6 39. Qc8 Qf8 40. Ne5 Kg7 41. Qxb7+ Bf7 42. Qxa6 Qe7 43. Qc6 Qg5+ 44. Kf1 Qf4 45. Qc7 Qf5 46. Ke2 Qh5+ 47. Kd2 Qg5+ 48. Kc2 Qf5+ 49. Kc1 Qxf2 50. Nxf7 Qxf7 51.
Qe5+ Kg8 52. Kd2 Kf8 53. Kc3 Kg8 54. Kb4 Kf8 55. Kc5 Kg8 56. Qxd5 Qxd5+ 57. Kxd5 g5 58.
Ke5 g4 59. Kf4 Kf7 60. Kxg4 Ke6 61. Kf4 Kd5 62. Ke3 Kd6 63. Kd3 Kd5 64. Kc3 Kd6 65.
Kc4 Kc6 66. d5+ Kd6 67. Kd4 Kd7 68. Ke5 Ke7 69. d6+ Kd7 70. Kd5 Kd8 71. Ke6 Ke8 72.
Kd5 Kd7 73. Kc5 Kd8 74. Kb6 Kd7 75. Kc5 Kd8 76. Kc6 Kc8 77. Kd5 Kd7 78. Ke5 Kd8 79. Kf6 Kd7 80. Ke5 Kd8 81. Ke6 Ke8 82. d7+ Kd8 83.
Kd6 1/2-1/2

[Event "Early-Titled-Tuesday-Blitz-October-03-2023"]
[Site "Chess.com"]
[Date "2023.10.03"]
[Round "2"]
[White "jk13"]
[Black "Zhigalko_Sergei"]
[Result "0-1"]
[WhiteElo "2616"]
[BlackElo "2942"]
[TimeControl "180+1"]
[EndTime "8:19:15 PDT"]
[Termination "Zhigalko_Sergei won by resignation"]

1. e4 c5 2. c3 Nf6 3. e5 Nd5 4. Bc4 Nb6 5. Bb3 c4 6. Bc2 d6 7. Nf3 Nc6 8. exd6 Qxd6 9. O-O Bg4 10. Qe2 e6 11. Na3 Be7 12. b3 cxb3 13. axb3 O-O 14.
Nc4 Qc7 15. Ba3 Bxa3 16. Rxa3 Nxc4 17. Qxc4 Bxf3 18. Qd3 g6 19. Qxf3 Rfd8 20. d4 Nxd4 21. cxd4 Qxc2 22. Qxb7 a5 23. Qb6 Rdb8 24. Qc5 Qxc5 25.
dxc5 Rb5 26. Rfa1 Rd8 27. g3 Rxc5 28. Rxa5 Rxa5 29. Rxa5 Rd1+ 30. Kg2 Rb1 31. Rb5 h5 32. h4 Kg7 33. Kf3 Kf6 34. Rb7 e5 35. Rb6+ Kf5 36. Rb8 Rb2 37. Rb4 f6 38. Rb5 Rc2 39. Rb6 Rc3+ 40.
Kg2 Rd3 41. Rb4 e4 42. Rb5+ Ke6 43. Rb6+ Ke5 44. Rb5+ Ke6 45. Rb6+ Ke5 46. Rb8 Rd2 47. Rg8 Kf5 48. Re8 Rb2 49. Re7 Rxb3 50. Re8 Rb2 51.
Re7 Rb5 52. Re8 Re5 53. Rg8 Rd5 54. Re8 Re5 55. Rg8 e3 56. fxe3 Rxe3 57. Kf2 Rb3 58. Rc8 Rb2+ 59. Kf3 Rb3+ 60. Kg2 Re3 61.
Rc5+ Re5 62. Rc4 g5 63. hxg5 fxg5 64. Kf2 Rd5 65. Rb4 Ke5 66. Ra4 Rd4 67. Ra5+ Rd5 68.
Ra4 Kf5 69. Kf3 Rc5 70. Kf2 Rc2+ 71. Kg1 Rc3 72. Kg2 Re3 73. Kf2 Re4 74. Ra3 Kg4 75. Ra2 Kh3 76. Kf3 Rb4 77. Ra3 g4+ 78. Kf2 Rb2+ 79.
Kg1 Rg2+ 80. Kh1 Rxg3 81. Ra2 Rf3 82. Rh2+ Kg3 83. Rg2+ Kf4 84. Kg1 h4 85. Rd2 h3 86.
Kh2 Re3 87. Rf2+ Kg5 88. Ra2 Kh4 89. Rc2 g3+ 0-1

[Event "Early-Titled-Tuesday-Blitz-October-03-2023"]
[Site "Chess.com"]
[Date "2023.10.03"]
[Round "2"]
[White "juancruzarias"]
[Black "Oleksandr_Bortnyk"]
[Result "1-0"]
[WhiteElo "2644"]
[BlackElo "3001"]
[TimeControl "180+1"]
[EndTime "8:19:24 PDT"]
[Termination "juancruzarias won by resignation"]

1. d4 Nf6 2. Nf3 g6 3. Nbd2 Bg7 4. e4 d6 5. Bb5+ c6 6. Bd3 O-O 7. O-O Qc7 8. Re1 e5 9. c3 Nbd7 10. a4 a5 11. Qc2 Nh5 12. Nc4 Nb6 13. Nxb6 Qxb6 14.
Be3 Qc7 15. Nd2 f5 16. f3 f4 17. Bf2 g5 18. h3 Nf6 19. dxe5 dxe5 20. Nc4 Be6 21. Nb6 Rae8 22. Bc4 Bxc4 23. Nxc4 h5 24. Rad1 Re6 25. Bc5 g4 26. Bxf8 Bxf8 27. Qb3 Bc5+ 28.
Kh1 Kh7 29. Nxa5 Re7 30. Nc4 gxf3 31. gxf3 Qc8 32. Kh2 Bf2 33. Nd6 Bg3+ 34. Kg2 Qf8 35. Nf5 Rg7 36. Nxg7 Qxg7 37. Kf1 Bh4 38. Qc2 Bxe1 39.
Rxe1 h4 40. Qg2 Qg3 41. Qxg3 fxg3 42. b4 Nh5 43. b5 cxb5 44. axb5 Nf4 45. c4 Nxh3 46.
c5 Nf4 47. c6 bxc6 48. bxc6 h3 49. Kg1 Ne6 50. Rd1 Kg6 51. Rd6 Kf7 52. Rd7+ Ke8 53. Rh7 h2+ 54. Kh1 Kd8 55. Rh6 Nd4 56. Rg6 Nxf3 57.
Rxg3 Nd4 58. Rg6 Kc7 59. Kxh2 Nxc6 60. Kg3 Kd7 61. Kg4 Nd4 62. Rg7+ Ke6 63. Rg6+ Ke7 64. Kg5 Kf7 65. Rf6+ Ke7 66. Ra6 Kf7 67. Ra7+ Ke6 68. Ra6+ Ke7 69. Kg4 Kf7 70. Kg3 Ke7 71. Kf2 Kd7 72.
Ke3 Nc2+ 73. Kd2 Nb4 74. Rh6 Nc6 75. Kc3 Ne7 76. Kc4 Kc7 77. Kc5 Kd7 78. Rd6+ Kc7 79. Re6 Kd7 80. Rxe5 Ng6 81. Rg5 Nf4 82. Rf5 Ne2 83. Kd5 Ke7 84. Ke5 Nc1 85. Rf3 Ne2 86. Rh3 Ng1 87. Re3 Kd7 88. Kf4 Ke6 89. Kg3 Ke5 90. Kg2 Kf4 91. Kxg1 1-0

[Event "Early-Titled-Tuesday-Blitz-October-03-2023"]
[Site "Chess.com"]
[Date "2023.10.03"]
[Round "2"]
[White "SashaKuzhilniy"]
[Black "vugarrasulov"]
[Result "1/2-1/2"]
[WhiteElo "2625"]
[BlackElo "2943"]
[TimeControl "180+1"]
[EndTime "8:19:42 PDT"]
[Termination "Game drawn by repetition"]

1. e4 c5 2. Nf3 Nc6 3. d4 cxd4 4. Nxd4 e5 5. Nb5 d6 6. c4 Be7 7. N1c3 a6 8. Na3 Be6 9. Be2 Rc8 10. O-O Nd4 11. Be3 Nxe2+ 12. Qxe2 Nf6 13. Rac1 O-O 14.
b3 Qa5 15. Nab1 b5 16. Nd5 Nxd5 17. cxd5 Bd7 18. Qd2 Qxd2 19. Nxd2 a5 20. a3 a4 21. b4 f5 22. f3 Kf7 23. exf5 Bxf5 24. Ne4 Bd7 25. Kf2 h6 26. Rxc8 Rxc8 27. Rc1 Rxc1 28.
Bxc1 Ke8 29. g4 Kd8 30. Ke2 Kc7 31. Be3 Kb7 32. Kd3 Be8 33. h3 Bf7 34. Nc3 Ka6 35.
Bf2 Bg5 36. Be3 Bh4 37. Ke2 h5 38. Bf2 Bd8 39. Be3 hxg4 40. hxg4 Be7 41. Kd3 Kb7 42.
Ke2 Be8 43. Kd3 Kc8 44. Ne4 Bg6 45. Ke2 Kd8 46. Nc3 Be8 47. Kd3 Bd7 48. Ne4 Bc8 49. Bg5 Bxg5 50. Nxg5 Ke7 51. Ne4 Bd7 52. Nc3 Be8 53. Ke3 Kf6 54. Ne4+ Ke7 55. Nc3 Bd7 56.
Ke4 g6 57. Ke3 Be8 58. g5 Bd7 59. Ke4 Kd8 60. f4 Bf5+ 61. Ke3 exf4+ 62. Kxf4 Bd3 63.
Ke3 Bc4 64. Kd4 Bf1 65. Ne4 Ke7 66. Nd2 Bg2 67. Nb1 Kd7 68. Nc3 Bf1 69. Nd1 Ke7 70.
Ne3 Be2 71. Ng2 Bg4 72. Nf4 Bf5 73. Ke3 Kd7 74. Ne2 Ke7 75. Nd4 Bd7 76. Ke4 Kd8 77. Ne2 Kc7 78. Nf4 Bf5+ 79. Kd4 Kb6 80. Ne2 Kc7 81. Nc3 Bd7 82. Ke3 Be8 83. Ne2 Bf7 84. Nf4 Kd7 85. Ke4 Ke7 86. Ne2 Be8 87. Nd4 Bd7 88.
Ke3 Ke8 89. Ne2 Kd8 90. Kd4 Kc7 91. Nf4 Bf5 92. Ne2 Kd8 93. Nc3 Bd7 94. Ne4 Ke7 95.
Nf6 Bf5 96. Ke3 Kd8 97. Ne4 Bxe4 98. Kxe4 Ke7 99. Kd4 Kd7 100. Ke4 Kc7 101. Kd4 Kd7 102. Ke4 Ke7 103. Kd4 Kd7 1/2-1/2

[Event "Early-Titled-Tuesday-Blitz-October-03-2023"]
[Site "Chess.com"]
[Date "2023.10.03"]
[Round "2"]
[White "AEMEffi"]
[Black "MatyChess1"]
[Result "0-1"]
[WhiteElo "2388"]
[BlackElo "2731"]
[TimeControl "180+1"]
[EndTime "8:21:00 PDT"]
[Termination "MatyChess1 won by resignation"]

1. d4 Nf6 2. c4 e6 3. g3 c5 4. Nf3 cxd4 5. Nxd4 d5 6. Bg2 e5 7. Nb5 d4 8. O-O Nc6 9. e3 a6 10. N5a3 Be7 11. exd4 exd4 12. Nc2 d3 13. Ne3 O-O 14. Bd2 Nd4 15. Nc3 Be6 16. Ncd5 Rc8 17. Kh1 b5 18.
Bc3 Nc2 19. Nxe7+ Qxe7 20. Qxd3 Nxa1 21. Rxa1 Rfd8 22. Qf1 Bxc4 23. Qe1 Be6 24. Ba5 Qd7 25. Bxd8 Qxd8 26. Rd1 Qc7 27. b3 h5 28. Qe2 g6 29.
Qd2 Qe5 30. h3 Ne4 31. Bxe4 Qxe4+ 32. Kh2 Qf3 33. Rf1 Kh7 34. Qd1 Qe4 35. Qd2 Rc7 36.
Qe2 Rd7 37. Re1 Rc7 38. Ng2 Qxe2 39. Rxe2 Rc1 40. Nf4 Bf5 41. f3 Kg7 42. g4 hxg4 43. hxg4 Bb1 44. Kg2 a5 45. Nd5 b4 46. Nb6 Bd3 47. Rd2 Bb5 48. Nd5 Bc6 49. Kf2 Bxd5 50. Rxd5 Rc2+ 51. Ke3 Rxa2 52. Rb5 Ra3 53. Kf4 Kf6 54.
g5+ Kg7 55. Rb7 Ra1 56. Ra7 Ra3 57. Ra6 Rxb3 58. Rxa5 Rc3 59. Rb5 Rc4+ 60. Kg3 Kf8 61. Rb7 Ke8 62. Kh3 Rd4 63. Kg3 Rc4 64. Kh3 Kf8 65.
Kg3 Rd4 66. Kh3 Kg7 67. Kg3 Kg8 68. Kh3 Kf8 69. Kg3 Ke8 70. Kf2 Rd5 71. Rxb4 Rxg5 72. f4 Ra5 73. Kg3 Ke7 74. Rb6 Kf8 75. Kg4 Ra3 76. Kh4 Kg7 77. Kg4 Kh6 78. Rf6 Kg7 79. Rb6 Ra4 80. Kg5 Ra5+ 81. Kg4 Kh6 82. Rf6 Kg7 83. Rb6 Ra1 84. Kh4 Rh1+ 85. Kg4 Rg1+ 86. Kh4 Rf1 87. Kg4 f5+ 88. Kg3 Kh6 89. Rb8 Rg1+ 90.
Kf3 Ra1 91. Rh8+ Kg7 92. Rb8 Ra3+ 93. Kf2 Kh6 94. Rh8+ Kg7 95. Rb8 Rc3 96. Kg2 Kf6 97.
Rb6+ Kf7 98. Kf1 Rc2 99. Rd6 Rc4 100. Kg2 Rxf4 101. Kg3 Rg4+ 102. Kf3 Kg7 103. Ra6 Kh6 104. Ra8 Kg5 105. Rh8 Rh4 106. Rf8 Rh3+ 107. Kg2 Ra3 108. Rg8 Kh5 109. Rh8+ Kg4 110. Re8 g5 111. Re2 f4 112. Rb2 Rg3+ 113. Kf2 Rh3 114. Kg2 f3+ 115. Kg1 Kg3 116. Rg2+ Kf4 117. Rb2 g4 118. Rb4+ Kg3 119. Rb2 Rh8 120. Rg2+ Kf4 121. Rb2 Ra8 122. Rb4+ Kg3 123. Rb1 Rh8 124. Rb2 Ra8 125. Rb1 Ra2 126. Kh1 Rh2+ 127. Kg1 f2+ 0-1